Map: Jagannatha LE

Players

A.I. 1 (Elite)

  • Race: Protoss Protoss

joan - Winner!

  • Race: Protoss Protoss

VOD

Have the link to the VOD?

Description

Time

  • Played on: May 19, 2021, 1:14 a.m.
  • Length: 12:18
Show
View Real Time Build Order
Export as new Build Order

A.I. 1 (Elite) Protoss 

Build Orders: Colossus Rush 

Get SALT Encoding   

  12  0:00  Probe  
  13  0:13  Probe  
  14  0:20  Pylon  
  14  0:25  Probe  
  15  0:34  Probe  
  16  0:42  Probe  
  16  0:48  Assimilator  
  17  0:52  Gateway, Probe  
  18  1:00  Probe  
  18  1:01  Pylon  
  18  1:08  Probe  
  20  1:19  Probe  
  21  1:31  Probe  
  22  1:40  Zealot  
  22  1:43  Probe  
  25  1:49  Nexus  
  25  2:00  Probe, Cybernetics Core  
  26  2:08  Probe  
  27  2:17  Probe  
  28  2:27  Pylon  
  28  2:29  Warp Gate  
  29  2:30  Probe  
  29  2:39  Stalker  
  29  2:41  Gateway  
  29  2:43  Assimilator  
  31  2:45  Probe  
  32  2:57  Probe  
  32  3:00  Probe  
  32  3:01  Pylon  
  33  3:09  Adept  
  33  3:10  Probe  
  33  3:11  Probe  
  37  3:22  Probe  
  37  3:25  Robotics Facility  
  38  3:28  Adept  
  38  3:32  Probe  
  41  3:34  Probe  
  41  3:39  Adept  
  44  3:44  Probe  
  44  3:46  Probe  
  46  3:50  Adept  
  46  3:56  Probe  
  46  3:58  Probe  
  46  4:00  Adept  
  50  4:08  Probe  
  53  4:10  Probe  
  53  4:16  Pylon  
  54  4:18  Robotics Bay  
  54  4:19  Observer  
  54  4:20  Probe  
  54  4:23  Probe  
  57  4:26  Adept  
  57  4:27  Robotics Facility  
  59  4:32  Pylon, Probe  
  59  4:36  Stalker  
  62  4:43  Pylon, Probe  
  62  4:45  Probe  
  64  4:46  Stalker  
  66  5:04  Gateway  
  66  5:13  Colossus  
  66  5:14  Zealot  
  74  5:15  Pylon  
  74  5:17  Zealot  
  76  5:27  Pylon  
  76  5:31  Zealot  
  76  5:34  Zealot  
  80  5:44  Probe x2  
  80  5:45  Assimilator  
  80  5:48  Stalker  
  80  5:49  Twilight Council  
  84  5:52  Forge  
  84  5:53  Nexus  
  84  5:55  Assimilator  
  84  6:01  Sentry  
  86  6:05  Probe  
  86  6:08  Probe  
  86  6:10  Pylon  
  88  6:13  Probe  
  89  6:20  Forge, Probe  
  89  6:21  Probe  
  91  6:30  Templar Archives  
  91  6:44  Pylon  
  91  6:51  Pylon  
  90  6:59  Stalker  
  92  7:02  Photon Cannon  
  92  7:04  Stalker  
  92  7:05  Probe x3  
  92  7:07  High Templar  
  99  7:12  Observer  
  99  7:15  Assimilator  
  100  7:16  Stalker  
  100  7:17  Gateway, Probe x3  
  100  7:18  Assimilator  
  105  7:27  Stalker  
  105  7:29  Probe x2, Photon Cannon  
  109  7:30  Probe  
  109  7:31  High Templar  
  109  7:32  Photon Cannon  
  109  7:36  Sentry  
  114  7:37  Pylon  
  114  7:38  Protoss Ground Weapons Level 1  
  114  7:41  Probe  
  114  7:42  Probe x2  
  117  7:49  Psionic Storm  
  117  7:50  Stalker  
  119  7:53  Probe  
  119  7:54  Probe  
  119  7:55  Probe  
  122  8:02  Protoss Ground Armor Level 1, Probe, Photon Cannon  
  122  8:03  Pylon  
  122  8:05  Stalker  
  125  8:06  Probe  
  125  8:07  Probe  
  125  8:09  Stalker  
  125  8:12  Stalker  
  131  8:16  Archon  
  131  8:21  High Templar  
  131  8:22  Photon Cannon  
  131  8:23  Photon Cannon  
  133  8:31  High Templar  
  135  8:36  Warp Prism  
  135  8:37  Immortal  
  141  8:42  Pylon  
  141  8:49  Sentry  
  141  8:53  Archon  
  141  8:54  High Templar  
  141  8:55  Gateway  
  145  8:56  Photon Cannon  
  145  8:57  Nexus  
  145  9:02  High Templar  
  145  9:03  Pylon  
  145  9:06  Immortal  
  147  9:12  Warp Prism  
  147  9:15  Blink  
  153  9:24  Pylon  
  153  9:25  Archon  
  153  9:27  Zealot x2, High Templar  
  153  9:29  Photon Cannon  
  159  9:34  Probe x2  
  159  9:35  Zealot, Probe  
  146  9:40  Immortal  
  112  9:46  Probe  
  112  9:47  Zealot  
  112  9:48  Zealot  
  112  9:50  High Templar  
  50  10:19  High Templar  
  28  10:31  Probe  
  7  10:50  Probe x2  
  7  11:06  Nexus  
  7  11:23  Probe  
  5  11:35  Probe  
  6  11:47  Probe  
  7  11:59  Probe  
Show
View Real Time Build Order
Export as new Build Order

joan Protoss - Winner!

Build Orders: 1 Gate Expand, Double Forge, Archon Immortal 

Get SALT Encoding   

  12  0:00  Probe  
  13  0:12  Probe  
  14  0:17  Pylon  
  14  0:27  Probe (Chrono Boost)  
  15  0:37  Gateway  
  15  0:38  Probe (Chrono Boost)  
  16  0:42  Probe (Chrono Boost)  
  16  0:46  Assimilator  
  17  0:53  Probe  
  18  1:05  Probe  
  19  1:18  Probe  
  20  1:23  Nexus  
  20  1:33  Cybernetics Core  
  20  1:36  Probe  
  21  1:48  Assimilator  
  21  1:50  Pylon, Probe  
  22  2:02  Probe  
  23  2:10  Warp Gate, Stalker  
  23  2:15  Probe  
  26  2:18  Gateway  
  26  2:29  Probe (Chrono Boost)  
  27  2:36  Probe (Chrono Boost)  
  28  2:40  Stalker  
  32  2:44  Probe x2 (Chrono Boost)  
  32  2:50  Robotics Facility  
  32  2:51  Probe  
  33  2:53  Probe  
  34  3:06  Probe  
  34  3:07  Probe  
  34  3:10  Stalker  
  34  3:12  Sentry  
  40  3:18  Probe  
  40  3:19  Probe  
  42  3:30  Pylon  
  42  3:32  Probe x2  
  44  3:39  Nexus  
  44  3:42  Pylon  
  44  3:48  Observer  
  45  3:49  Probe x2  
  45  3:51  Assimilator  
  45  3:54  Assimilator  
  47  4:01  Probe x2  
  49  4:09  Observer  
  50  4:13  Probe x2  
  50  4:16  Forge  
  52  4:18  Forge  
  52  4:21  Twilight Council  
  52  4:22  Pylon  
  52  4:25  Probe  
  52  4:27  Probe  
  54  4:35  Immortal  
  54  4:37  Sentry, Probe  
  61  4:40  Probe  
  61  4:44  Stalker  
  64  4:47  Protoss Ground Weapons Level 1 (Chrono Boost)  
  65  4:53  Probe (Chrono Boost)  
  65  4:54  Probe (Chrono Boost)  
  65  4:59  Probe (Chrono Boost)  
  67  5:03  Templar Archives, Probe (Chrono Boost)  
  67  5:05  Probe (Chrono Boost)  
  70  5:07  Probe (Chrono Boost)  
  70  5:08  Probe (Chrono Boost)  
  70  5:14  Probe  
  72  5:18  Probe, Immortal  
  72  5:20  Probe  
  78  5:22  Protoss Ground Armor Level 1 (Chrono Boost)  
  78  5:24  Pylon  
  78  5:26  Probe  
  79  5:28  Stalker  
  79  5:29  Charge (Chrono Boost)  
  79  5:30  Probe  
  79  5:32  Probe  
  83  5:43  Nexus  
  83  5:47  Assimilator  
  83  5:48  Probe  
  83  5:49  Assimilator, Probe  
  85  5:50  Probe  
  85  5:53  Zealot  
  85  5:55  High Templar  
  90  6:00  Probe  
  90  6:01  Probe  
  92  6:05  Probe  
  93  6:20  Pylon  
  93  6:24  Pylon  
  93  6:26  Pylon x2, Protoss Ground Weapons Level 2 (Chrono Boost)  
  93  6:33  Gateway  
  93  6:37  Gateway  
  93  6:38  Probe x3, Immortal  
  100  6:44  Stalker x2  
  104  6:50  Probe x3 (Chrono Boost)  
  107  7:01  Probe (Chrono Boost)  
  108  7:07  High Templar  
  108  7:08  Probe x3 (Chrono Boost)  
  113  7:10  Probe (Chrono Boost)  
  113  7:11  Gateway  
  113  7:12  Gateway  
  113  7:15  Protoss Shields Level 1 (Chrono Boost), Probe x4 (Chrono Boost), Gateway  
  117  7:17  Gateway x2  
  117  7:19  High Templar  
  117  7:21  Gateway, Immortal (Chrono Boost)  
  117  7:22  Archon, Gateway  
  120  7:25  Gateway  
  120  7:26  Probe  
  120  7:29  Probe  
  126  7:30  Probe  
  126  7:34  Assimilator  
  127  7:37  Zealot x2  
  127  7:38  Assimilator  
  131  7:53  Immortal (Chrono Boost)  
  131  7:54  High Templar x2  
  139  7:59  Pylon  
  139  8:02  Pylon  
  139  8:04  Pylon x2  
  139  8:07  Pylon, Gateway  
  139  8:10  Pylon, Gateway  
  139  8:13  Gateway  
  139  8:15  Gateway  
  139  8:17  High Templar  
  139  8:18  High Templar x3  
  147  8:20  Gateway  
  147  8:21  High Templar x2  
  147  8:22  Gateway  
  147  8:25  High Templar  
  153  8:29  Warp Prism (Chrono Boost)  
  153  8:32  Zealot x3  
  153  8:33  Zealot x2  
  165  8:38  Archon x3  
  165  8:39  Archon  
  165  8:40  Archon  
  165  8:51  Pylon  
  165  8:52  Pylon  
  165  8:54  High Templar x3  
  171  8:57  Zealot x8  
  171  9:01  Archon  
  187  9:14  Immortal  
  187  9:16  High Templar  
  193  9:17  Zealot  
  193  9:18  Zealot x2  
  193  9:23  Archon  
  185  9:41  Zealot x8  
  185  9:42  Zealot x5  
  178  9:55  Nexus, Zealot x5  
  178  9:58  Pylon  
  185  10:00  Pylon  
  185  10:03  Assimilator  
  181  10:07  Assimilator  
  181  10:09  Pylon, Immortal  
  183  10:24  Photon Cannon  
  183  10:26  Photon Cannon  
  183  10:29  Photon Cannon  
  183  10:31  Photon Cannon  
  183  10:33  Photon Cannon x2  
  183  10:35  Shield Battery, Photon Cannon  
  183  10:36  Shield Battery  
  183  10:37  Photon Cannon  
  183  10:39  Photon Cannon  
  183  10:41  Photon Cannon  
  183  10:42  Photon Cannon  
  179  10:44  Photon Cannon  
  179  10:45  Photon Cannon  
  179  10:47  Photon Cannon  
  179  10:48  Photon Cannon  
  179  10:49  Photon Cannon  
  179  10:50  Photon Cannon  
  179  10:52  Photon Cannon  
  179  10:53  Photon Cannon  
  179  10:54  Photon Cannon  
  179  10:56  Shield Battery  
  179  10:57  Pylon  
  179  10:59  Shield Battery  
  179  11:02  Photon Cannon  
  179  11:05  Photon Cannon  
  179  11:42  High Templar x5  
  179  11:43  High Templar x5  
  179  11:44  Nexus  
  179  11:46  Archon x3, Pylon  
  199  11:47  Archon x2  
  199  11:49  Pylon  
  199  11:52  Pylon  
  199  11:56  Pylon  
  199  12:00  Assimilator  
  199  12:04  Assimilator  
  200  12:11  Gateway  
  200  12:13  Gateway  
  200  12:15  Gateway  
  200  12:17  Gateway  
  200  12:18  Gateway  
Tags
 
Add a new tag
Caveats
  • Supply blocks, unpowered buildings, or Contaminate may cause inaccurate times.
  • Supply counts are checked every 10 seconds.